Map: Orbital Shipyard

Players

LilDicky

  • Race: Terran Terran
  • League: Diamond

TheArchitect - Winner!

  • Race: Terran Terran
  • League: Gold

VOD

http://www.twitch.tv/tumescentpie

Description

Time

  • Played on: Jan. 1, 2016, 10:48 p.m.
  • Length: 6:04
Show
View Real Time Build Order
Export as new Build Order

LilDicky Terran 

Build Orders: Liberator Opening 

Get SALT Encoding   

  12  0:01  SCV  
  13  0:13  SCV  
  14  0:18  Supply Depot  
  14  0:25  SCV  
  15  0:31  Refinery  
  15  0:39  SCV  
  16  0:45  Barracks  
  16  0:51  SCV  
  17  1:00  Refinery  
  17  1:03  SCV  
  18  1:15  SCV  
  19  1:20  Supply Depot  
  19  1:32  Marine  
  21  1:37  Orbital Command  
  20  1:48  Factory  
  20  1:51  Marine  
  21  2:03  SCV  
  22  2:09  Supply Depot, Marine  
  23  2:21  SCV  
  24  2:32  Marine  
  24  2:33  Factory Tech Lab  
  24  2:34  Starport  
  25  2:42  SCV  
  26  2:50  Marine  
  27  2:53  Siege Tank  
  27  2:54  SCV  
  27  2:55  Liberator  
  31  3:06  SCV  
  31  3:10  Supply Depot  
  35  3:21  Engineering Bay  
  35  3:23  SCV, Marine  
  37  3:32  Siege Tank  
  40  3:39  Supply Depot  
  40  3:52  SCV  
  41  3:59  Viking  
  43  4:05  Widow Mine  
  43  4:07  SCV  
  46  4:12  Missile Turret, Liberator  
  46  4:14  Supply Depot  
  46  4:21  Marine  
  47  4:26  SCV  
  51  4:32  Supply Depot  
  51  4:35  Siege Tank  
  54  4:38  Marine  
  55  4:54  Missile Turret  
  50  5:26  Siege Tank  
  51  5:35  Marine  
Show
View Real Time Build Order
Export as new Build Order

TheArchitect Terran - Winner!

Build Orders: Reaper Expand 

Get SALT Encoding   

  12  0:01  SCV  
  13  0:13  SCV  
  14  0:23  Supply Depot  
  14  0:25  SCV  
  15  0:44  SCV  
  15  0:45  Barracks  
  15  0:48  Refinery  
  16  0:56  SCV  
  17  1:08  SCV  
  18  1:20  SCV  
  19  1:31  Reaper  
  20  1:32  Orbital Command  
  20  1:45  Command Center  
  20  1:55  Supply Depot  
  20  1:59  SCV  
  21  2:10  Marine  
  21  2:11  Factory  
  21  2:12  SCV  
  23  2:24  SCV  
  23  2:28  Barracks Reactor  
  24  2:41  SCV  
  24  2:46  Refinery  
  24  3:04  Marine x2  
  26  3:07  Starport  
  26  3:08  Hellion  
  26  3:12  Orbital Command  
  28  3:14  SCV, Refinery  
  29  3:22  Marine x2  
  29  3:26  SCV  
  32  3:28  Widow Mine  
  34  3:38  SCV  
  34  3:41  Engineering Bay  
  35  3:42  SCV  
  36  3:49  Viking  
  36  3:50  SCV  
  36  3:52  Marine x2  
  36  3:55  SCV  
  42  3:57  Factory Tech Lab  
  42  4:02  SCV  
  43  4:07  SCV  
  44  4:10  Marine  
  44  4:12  Supply Depot  
  44  4:13  Supply Depot  
  44  4:14  SCV  
  46  4:20  Marine  
  45  4:27  Marine  
  46  4:33  Viking, Siege Tank  
  51  4:38  Marine  
  51  4:41  SCV  
  51  4:45  Bunker, Marine  
  54  4:56  SCV, Marine  
  54  4:58  Supply Depot  
  56  5:03  Viking, Marine  
  57  5:28  SCV  
  57  5:30  Siege Tank  
  57  5:32  Barracks  
  60  5:35  SCV  
  60  5:38  Barracks Reactor  
  62  5:46  Barracks  
  62  5:49  SCV  
  63  5:50  Supply Depot  
Tags
 
Add a new tag
Caveats
  • Supply blocks, unpowered buildings, or Contaminate may cause inaccurate times.
  • Supply counts are checked every 10 seconds.